 Dungeon Crawl Stone Soup version 0.27-a0-1532-gca18f49f40 (webtiles) character file.

Game seed: 17270603007128536622

28 Dordric the Bolt Thrower (level 3, -11/21 HPs)
             Began as a Kobold Hunter on July 12, 2021.
             Was a Believer of Lugonu.
             Mangled by a gnoll (12 damage)
             ... on level 2 of the Dungeon.
             The game lasted 00:01:20 (1785 turns).

Dordric the Bolt Thrower (Kobold Hunter)            Turns: 1785, Time: 00:01:21

Health: -11/21     AC:  3    Str:  9    XL:     3   Next: 27%
Magic:  2/3        EV: 14    Int: 12    God:    Lugonu [**....]
Gold:   39         SH:  0    Dex: 16    Spells: 2/2 levels left

rFire    . . .     SeeInvis .   a - +1 hand crossbow
rCold    . . .     Faith    .   (shield restricted)
rNeg     . . .     Spirit   .   c - +0 leather armour
rPois    .         Reflect  .   (no helmet)
rElec    .         Harm     .   (no cloak)
rCorr    .         Rampage  .   (no gloves)
Will     .....                  (no boots)
Stlth    +++.......             (no amulet)
HPRegen  0.07/turn              (no ring)
MPRegen  0.08/turn              (no ring)

@: no status effects
A: small, no large weapons, nightstalker 3
a: Renounce Religion, Depart the Abyss, Bend Space


You were on level 2 of the Dungeon.
You worshipped Lugonu.
Lugonu was pleased with you.
You visited 1 branch of the dungeon, and saw 2 of its levels.

You collected 39 gold pieces.

Inventory:

Hand Weapons
 a - a +1 hand crossbow (weapon)
 b - a +0 short sword
Missiles
 d - 20 bolts (quivered ammo)
Armour
 c - a +0 leather armour (worn)
Scrolls
 e - 2 scrolls of teleportation {unknown}
 j - a scroll of summoning {unknown}
 k - a scroll of enchant weapon {unknown}
Potions
 f - a potion of lignification {unknown}
 g - 2 potions of cancellation {unknown}
 h - a potion of degeneration {unknown}
 i - a potion of mutation {unknown}


   Skills:
 - Level 2.1 Fighting
 + Level 1.7 Short Blades
 + Level 5.2 Crossbows
 - Level 2.4 Dodging
 + Level 2.6 Stealth
 + Level 0.6 Invocations


You had 2 spell levels left.
You didn't know any spells.
Your spell library contained the following spells:

 Spells                   Type           Power      Damage    Failure   Level
 Foxfire                  Conj/Fire      0%         2x1d4     43%         1
 Conjure Flame            Conj/Fire      0%         6-21      80%         3
 Inner Flame              Hex/Fire       0%         N/A       80%         3


Dungeon Overview and Level Annotations

Branches:
Dungeon (2/15)

Altars:
Lugonu


Innate Abilities, Weirdness & Mutations

You are small and have problems with some larger weapons.
You are completely attuned to the shadows.


Message History

Lugonu accepts your kill.
No target in view!
No target in view!
No target in view!
Found a stone staircase leading down.
You open the door.
There is an open door here.
k - a scroll labelled PIOTYISHRUL You open the door.
There is an open door here.
You pick up a book of Flames and begin reading...
You add the spells Foxfire, Conjure Flame and Inner Flame to your library.
No target in view!
A gnoll comes into view. It is wielding a +0 whip.
A gnoll is nearby!
A gnoll is nearby!
A gnoll comes into view. It is wielding a +0 halberd.
The gnoll shouts!
You hear a shout! x2
The gnoll closely misses you.
You closely miss the gnoll. The gnoll hits you with a +0 whip.
The gnoll closely misses you.
A gnoll comes into view. It is wielding a +0 flail.
You closely miss the gnoll. The gnoll hits you with a +0 whip!
The gnoll misses you.
You are too injured to fight recklessly!
You are too injured to fight recklessly!
You are too injured to fight recklessly!
You are too injured to fight recklessly!
You are too injured to fight recklessly!
You are too injured to fight recklessly!
a - a +1 hand crossbow (weapon)
The gnoll hits you with a +0 whip.
* * * LOW HITPOINT WARNING * * *
Space bends around you!
You blink.
You fail to use your ability.
The gnoll hits you with a +0 flail.
* * * LOW HITPOINT WARNING * * *
You don't have enough health at the moment.
You open the door. The gnoll hits you with a +0 flail!
Ouch! That really hurt!
You die...

#.#.#..##.#
#.#.#..##.#
#.#.#..##.#
#.######
#######'#.#.....#
.gg....#
#.........#...###
#.####.#
#.........#..>..
#.#
#.........#.....#
#.#
#.........#####..
#.# #.........'@g#
#.# #.........##g#
#.# #######'####.#
#g# #.# #.# #.#
#.# #.#.#
#...#.### #.#
#.#.# #...#.g..
#.####g#.#
#...#####
#......#.#####...#
#
###..............#
#


You could see 2 gnolls.

Vanquished Creatures
  A ball python (D:2)
  3 endoplasms (D:1)
  A giant cockroach (D:1)
  3 hobgoblins
  4 jackals (D:1)
  2 quokkas
  2 bats
  A frilled lizard (D:2)
  4 kobolds (D:1)
  3 rats
  A spectral goblin (D:1)
25 creatures vanquished.

Vanquished Creatures (others)
  5 plants (D:2)
5 creatures vanquished.

Grand Total: 30 creatures vanquished

Notes
Turn   | Place    | Note
-------+----------+-------------------------------------------
     0 | D:1      | Dordric the Kobold Hunter began the quest for the Orb.
     0 | D:1      | Reached XP level 1. HP: 12/12 MP: 1/1
   135 | D:1      | Reached skill level 1 in Short Blades
   135 | D:1      | Reached XP level 2. HP: 13/17 MP: 2/2
   235 | D:1      | Reached skill level 5 in Crossbows
   457 | D:1      | Found a faded altar of an unknown god.
   470 | D:1      | Became a worshipper of Lugonu the Unformed
   470 | D:1      | Reached * piety under Lugonu
   470 | D:1      | Reached ** piety under Lugonu
   999 | D:1      | Reached XP level 3. HP: 8/20 MP: 3/3
  1782 | D:2      | HP: 1/21 [gnoll (5)]
  1785 | D:2      | Mangled by a gnoll

Illustrated notes

Levels and vault maps discovered:
D:1:      eino_arrival_cavern_b, layout_basic,
          dreamdust_ecumenical_altar_drowned_temple, minmay_misc_feat_diagonals
D:2:      layout_basic, serial_bayou_pond_a, uniq_jessica

Skill      XL: |  1  2 |
---------------+-------+-----
Short Blades   | 1 |  1.7
Stealth        | 2 |  2.6
Crossbows      | 5 |  5.2
Fighting       | |  2.1
Dodging        | |  2.4
Invocations    | |  0.6

Action                   || total
-------------------------++-------
Melee: Short sword       ||    72
Invok: Bend Space        ||     2
 Stab: Sleeping          ||     8
Armor: Leather armour    ||    12
Dodge: Dodged            ||    46

Table legend: (Time is in decaauts)
 A = Elapsed time spent in this place.
 B = Non-inter-level travel time spent in this place.
 C = Inter-level travel time spent in this place.
 D = Time resting spent in this place.
 E = Time spent auto-exploring this place.
 F = Levels seen in this place.
 G = Mean time per level.
                   A        B        C        D        E       F      G
               +--------+--------+--------+--------+--------+-----+--------+
         Total |   1791 |   1737 |     54 |      0 |   1514 |   2 |  895.5 |
       Dungeon |   1791 |   1737 |     54 |      0 |   1514 |   2 |  895.5 |
               +--------+--------+--------+--------+--------+-----+--------+

Top non-repeatable levels by time:
     D:1: 1474 daAuts
     D:2: 317 daAuts
